 Dungeon Crawl Stone Soup version 0.31.0-11-ge490571c62 (webtiles) character file.

Game seed: 3317854445878727810

47 qw the Shooter (level 3, 0/20 HPs)
             Began as a Deep Elf Hunter on Feb 3, 2024.
             Slain by Pargi (3 damage)
             ... on level 2 of the Dungeon.
             The game lasted 00:00:05 (1326 turns).

qw the Shooter (Deep Elf Hunter)                    Turns: 1326, Time: 00:00:06

Health: 0/20       AC:  6    Str: 10    XL:     3   Next: 48%
Magic:  5/5        EV:  9    Int: 13    God:
Gold:   58         SH:  0    Dex: 24    Spells: 2/2 levels left

rFire   . . .        a - +2 shortbow
rCold   . . .        (shield currently unavailable)
rNeg    . . .        j - +0 scale mail
rPois   .            (no helmet)
rElec   .            d - scarf {repulsion}
rCorr   .            (no gloves)
SInv    .            (no boots)
Will    .....        (no amulet)
Stlth   +            e - +6 ring of dexterity
HPRegen 0.23/turn    (no ring)
MPRegen 0.09/turn

%: repel missiles
@: hasted, very quick
A: no striking features
a: no special abilities


You were on level 2 of the Dungeon.
You visited 1 branch of the dungeon, and saw 3 of its levels.

You collected 58 gold pieces.


   Skills:
 - Level 1.5 Fighting
 + Level 7.0 Ranged Weapons
 - Level 2.4 Dodging
 - Level 1.2 Stealth


You had 2 spell levels left.
You didn't know any spells.
Your spell library was empty.

Inventory:

Hand Weapons
 a - a +2 shortbow (weapon)
Armour
 d - a scarf of repulsion (worn)
 j - a +0 scale mail (worn)
Jewellery
 e - a +6 ring of dexterity (left hand)
Potions
 b - a potion of heal wounds {unknown}
 f - a potion of haste
 g - a potion of attraction {unknown}
 h - a potion of brilliance {unknown}

Dungeon Overview and Level Annotations

Branches:
Dungeon (3/15)

Altars:

Annotations:
D:2 Pargi


Message History

Things that are here:
a +0 dagger; a goblin skeleton
Things that are here:
a +0 dagger; a goblin skeleton
There is a stone staircase leading down here.
You climb downwards.
Pargi shouts!
Found a steaming robe, a faintly humming cloak and a book of Cantrips.
There is a stone staircase leading up here.
There are monsters nearby!
Waypoint 2 assigned to D:3.
1314 ||| DRINKING 2 potions of haste.
You feel yourself speed up.
You shoot an arrow. The arrow closely misses Pargi.
The ball python hisses angrily.
You shoot an arrow. The arrow hits Pargi.
Pargi is lightly wounded.
You shoot an arrow. The arrow hits Pargi.
Pargi is lightly wounded.
1318 ||| STAIRDANCE Pargi bites you.
Pargi claws you but does no damage. Pargi closely misses you.
You climb upwards.
There is a stone staircase leading down here.
You shoot an arrow. The arrow hits Pargi!
Pargi is moderately wounded.
Pargi bites you but does no damage. Pargi claws you but does no damage. x2
You shoot an arrow. The arrow completely misses Pargi.
Pargi bites you. Pargi misses you. Pargi claws you.
You shoot an arrow. The arrow misses Pargi.
Pargi bites you! Pargi claws you but does no damage. x2
You shoot an arrow. The arrow hits Pargi!
Pargi is heavily wounded.
Pargi barely misses you. Pargi claws you. Pargi claws you but does no damage.
You shoot an arrow. The arrow closely misses Pargi.
You shoot an arrow. The arrow closely misses Pargi.
Pargi bites you but does no damage. Pargi misses you.
Pargi completely misses you.
You shoot an arrow. The arrow hits Pargi.
Pargi is heavily wounded.
Pargi closely misses you. Pargi claws you.
You die...

#...# #.#.#
###.#.#######
##.....#.....##
##......)......##
#...............#
#......<........#
#...............#
#.......@.......#
#.......T.......#
#...............#
##.............##
##.....#.....##
#############


You could see Pargi.

Vanquished Creatures
  3 dart slugs
  2 ribbon worms (D:2)
  6 ball pythons
  3 endoplasms
  A giant cockroach (D:1)
  4 goblins
  A hobgoblin (D:1)
  2 jackals (D:1)
  3 kobolds (D:1)
  2 quokkas (D:1)
  4 bats
  A frilled lizard (D:2)
  3 rats
35 creatures vanquished.

Notes
Turn   | Place    | Note
-------+----------+-------------------------------------------
     0 | D:1      | qw the Deep Elf Hunter began the quest for the Orb.
     0 | D:1      | Reached XP level 1. HP: 12/12 MP: 3/3
     0 | D:1      | 0 ||| qw: Version: 0.3-a-155-g5e7d8dd
     0 | D:1      | 0 ||| qw: Game counter: 3129
     0 | D:1      | 0 ||| qw: Melee chars always use a shield: true
     0 | D:1      | 0 ||| qw: God list: Okawaru
     0 | D:1      | 0 ||| qw: Allow faded altars: false
     0 | D:1      | 0 ||| qw: Do Orc after clearing Dungeon:15 true
     0 | D:1      | 0 ||| qw: Do second Lair branch before Depths: true
     0 | D:1      | 0 ||| qw: Lair rune preference: random
     0 | D:1      | 0 ||| qw: Goals: Normal
     0 | D:1      | 0 ||| PLANNING D:1-11
   148 | D:1      | Reached XP level 2. HP: 7/16 MP: 4/4
   225 | D:1      | Reached skill level 6 in Ranged Weapons
   749 | D:1      | 749 ||| UPGRADING to scarf of repulsion.
   754 | D:1      | 754 ||| READING scroll labelled KYUSEDAUWI.
   755 | D:1      | 755 ||| READING scroll labelled HAACSO KUAZA.
   755 | D:1      | 755 ||| ENCHANTING +0 shortbow.
   756 | D:1      | 756 ||| READING scroll labelled KYCZIHU SEON.
   761 | D:1      | 761 ||| READING scroll labelled ETYJADW XOENNURGH.
   762 | D:1      | 762 ||| DRINKING 2 inky potions.
   763 | D:1      | 763 ||| DROPPING scroll of butterflies.
   778 | D:2      | 778 ||| STAIRDANCE
   784 | D:2      | 784 ||| STAIRDANCE
   787 | D:1      | Reached XP level 3. HP: 16/20 MP: 5/5
   917 | D:2      | HP: 5/20 [ribbon worm (5)]
   918 | D:2      | 918 ||| READING scroll of teleportation.
   922 | D:2      | 922 ||| FLEEEEING.
   923 | D:2      | 923 ||| FLEEEEING.
   924 | D:2      | 924 ||| FLEEEEING.
   925 | D:2      | 925 ||| FLEEEEING.
   926 | D:2      | 926 ||| FLEEEEING.
   927 | D:2      | 927 ||| FLEEEEING.
   928 | D:2      | 928 ||| FLEEEEING.
   929 | D:2      | 929 ||| FLEEEEING.
   930 | D:2      | 930 ||| FLEEEEING.
   931 | D:2      | 931 ||| FLEEEEING.
   932 | D:2      | 932 ||| FLEEEEING.
   934 | D:2      | 934 ||| FLEEEEING.
   935 | D:2      | 935 ||| FLEEEEING.
   936 | D:2      | 936 ||| FLEEEEING.
   937 | D:2      | 937 ||| FLEEEEING.
   938 | D:2      | 938 ||| FLEEEEING.
   940 | D:2      | 940 ||| FLEEEEING.
   941 | D:2      | 941 ||| FLEEEEING.
   942 | D:2      | 942 ||| FLEEEEING.
   943 | D:2      | 943 ||| FLEEEEING.
   944 | D:2      | 944 ||| FLEEEEING.
   945 | D:2      | 945 ||| STAIRDANCE
   989 | D:1      | 989 ||| READING scroll labelled TUFRUL UNUG.
  1038 | D:2      | 1038 ||| READING scroll of enchant weapon.
  1038 | D:2      | 1038 ||| ENCHANTING +1 shortbow.
  1075 | D:2      | Reached skill level 7 in Ranged Weapons
  1092 | D:2      | 1092 ||| DROPPING +2 sling of freezing.
  1224 | D:2      | 1224 ||| UPGRADING to +0 scale mail.
  1234 | D:2      | 1234 ||| DROPPING +0 leather armour.
  1235 | D:2      | 1235 ||| UPGRADING to +6 ring of dexterity.
  1236 | D:2      | 1236 ||| READING scroll labelled SOUR VUUJIC.
  1236 | D:2      | 1236 ||| ENCHANTING +2 shortbow.
  1313 | D:3      | Noticed Pargi
  1314 | D:3      | 1314 ||| DRINKING 2 potions of haste.
  1318 | D:3      | 1318 ||| STAIRDANCE
  1322 | D:2      | HP: 4/20 [Pargi (7)]
  1326 | D:2      | Slain by Pargi

Levels and vault maps discovered:
D:1:      dpeg_arrival_tiny_i, layout_basic
D:2:      layout_rooms
D:3:      layout_loops_ring, serial_forest, infiniplex_forest_straight_3,
          infiniplex_forest_clump_medium, infiniplex_forest_lined_2,
          infiniplex_forest_straight_5, infiniplex_forest_lined_4_way,
          infiniplex_forest_clump_medium, infiniplex_forest_zigzag_1,
          infiniplex_forest_split, infiniplex_forest_clump_cross, uniq_pargi,
          uniq_sigmund

Skill      XL: |  1  2  3 |
---------------+----------+-----
Ranged Weapons | 6 7 |  7.0
Fighting       | |  1.5
Dodging        | |  2.4
Stealth        | |  1.2

Action                     || total
---------------------------++-------
   Fire: Shortbow          ||   110
    Use: Scroll            ||     8
         Potion            ||     2
 Armour: Leather armour    ||    31
         Scale mail        ||    14
  Dodge: Dodged            ||    44
         Repelled          ||     1

Table legend:
 A = Non-vault XP
 B = Vault XP
 C = Vault XP percentage of total XP
 D = Non-vault monster count
 E = Vault monster count
 F = Vault count percentage of total count
                 A         B        C        D         E       F
            +---------+---------+-------+---------+---------+-------
      Total |      68 |       0 |   0.0 |      35 |       0 |   0.0
            +---------+---------+-------+---------+---------+-------
        D:1 |      40 |       0 |   0.0 |      22 |       0 |   0.0
        D:2 |      28 |       0 |   0.0 |      13 |       0 |   0.0
            +---------+---------+-------+---------+---------+-------
